 Dungeon Crawl Stone Soup version 0.30-a0-743-gbfdf073431 (webtiles) character file.

Game seed: 2376654669259504459

22080 Ijustatesigmund the Eclecticist (level 12, -18/68 HPs)
             Began as a Deep Elf Conjurer on Feb 7, 2023.
             Was an Elder of Vehumet.
             Demolished by an enormous slime creature (23 damage)
             ... on level 12 of the Dungeon.
             The game lasted 00:53:49 (16255 turns).

Ijustatesigmund the Eclecticist (DECj)             Turns: 16255, Time: 00:53:49

Health: -18/68     AC: 21    Str:  5    XL:     12   Next: 59%
Magic:  14/34      EV: 14    Int: 31    God:    Vehumet [****..]
Gold:   455        SH:  0    Dex: 12    Spells: 22/44 levels left

rFire   + . .      SeeInvis .    o - +1 sling
rCold   + . .      Faith    .    (no shield)
rNeg    . . .      Spirit   .    a - +2 robe {rC+ rF+}
rPois   .          Reflect  .    z - +2 hat
rElec   .          Harm     .    m - +2 cloak
rCorr   .          Rampage  .    i - +2 pair of gloves
Will    +....                    l - +2 pair of boots
Stlth   ++                       C - amulet of magic regeneration
HPRegen 0.31/turn                d - ring of wizardry
MPRegen 0.64/turn                h - +4 ring of protection

@: hasted, very quick
A: antennae 1, iridescent scales 1, clever 1
a: Renounce Religion


You were on level 12 of the Dungeon.
You worshipped Vehumet.
Vehumet was greatly pleased with you.
You visited 2 branches of the dungeon, and saw 13 of its levels.
You also visited: Sewer and Ossuary.

You collected 671 gold pieces.
You spent 216 gold pieces at shops.

Inventory:

Hand Weapons
 c - the +7 trident of the Tomato {protect, rF+ Int+3}
   (You took it off a spriggan on level 11 of the Dungeon)

   Int:       It affects your intelligence (+3).
   rF:        It protects you from fire.
 o - a +1 sling (weapon)
Armour
 a - a +2 robe of resistance (worn)
 f - a +0 helmet
 i - a +2 pair of gloves (worn)
 l - a +2 pair of boots (worn)
 m - a +2 cloak (worn)
 z - a +2 hat (worn)
Jewellery
 b - a ring of fire
 d - a ring of wizardry (left hand)
 h - a +4 ring of protection (right hand)
 p - a ring of fire
 r - a ring of willpower
 x - an amulet of the acrobat
 B - a ring of ice
 C - an amulet of magic regeneration (around neck)
Wands
 s - a wand of polymorph (9)
 E - a wand of light (4)
Scrolls
 g - a scroll of teleportation
 u - 2 scrolls of identify
 v - 3 scrolls of poison
 y - a scroll of fog
 G - 2 scrolls of immolation
Potions
 e - 5 potions of might
 j - 6 potions of curing
 k - a potion of brilliance
 n - a potion of haste
 q - a potion of attraction
 t - 2 potions of mutation
 w - 7 potions of lignification
 A - 2 potions of magic
 F - a potion of ambrosia
 H - a potion of flight
 J - a potion of berserk rage {unknown}
Miscellaneous
 D - a condenser vane


   Skills:
 - Level 5.2 Fighting
 - Level 5.4 Ranged Weapons
 + Level 1.6 Armour
 - Level 6.1 Dodging
 - Level 2.4 Stealth
 + Level 16.6 Spellcasting
 + Level 11.4 Conjurations
 + Level 6.0 Hexes
 - Level 8.2 Fire Magic
 - Level 4.5 Earth Magic
 - Level 4.0 Evocations


You had 22 spell levels left.
You knew the following spells:

 Your Spells              Type           Power      Damage    Failure   Level
a - Magic Dart            Conj           100%       1d8       0%          1
b - Searing Ray           Conj           100%       2d8       0%          2
c - Fulminant Prism       Conj/Hex       34%        3d16      1%          4
d - Stone Arrow           Conj/Erth      100%       3d13      1%          3
e - Passwall              Tmut/Erth      32%        N/A       1%          2
f - Starburst             Conj/Fire      36%        6d11      1%          6
g - Flame Wave            Conj/Fire      72%        2d16      1%          4

Your spell library contained the following spells:

 Spells                   Type           Power      Damage    Failure   Level
 Kindle Blastsparks       Fire/Tloc/Air  84%        2d17      1%          3
 Sandblast                Erth           100%       2d20      1%          1
 Call Imp                 Summ           25%        N/A       1%          2
 Lesser Beckoning         Tloc           50%        N/A       1%          2
 Call Canine Familiar     Summ           25%        N/A       1%          3
 Dazzling Flash           Conj/Hex       100%       N/A       1%          3
 Gell's Gravitas          Tloc           25%        N/A       1%          3
 Mephitic Cloud           Conj/Pois/Air  49%        N/A       1%          3
 Portal Projectile        Hex/Tloc       88%        N/A       1%          3
 Teleport Other           Tloc           25%        N/A       1%          3
 Iskenderun's Mystic Bla  Conj/Tloc      57%        2d12      1%          4
 Leda's Liquefaction      Hex/Erth       28%        N/A       1%          4


Dungeon Overview and Level Annotations

Branches:
Dungeon (12/15)            Temple (1/1) D:6            Lair (0/5) D:11
    Orc (0/2) D:11          Sewer (visited)         Ossuary (visited)

Altars:
Cheibriados
Dithmenos
Elyvilon
Fedhas
Gozag
Hepliaklqana
Kikubaaqudgha
Makhleb
Nemelex Xobeh
Okawaru
Qazlal
Ru
Sif Muna
Trog
Uskayaw
Vehumet
Wu Jian
Xom
Yredelemnul
Zin
The Shining One

Shops:
D:7 :   D:12 *

Annotations:
D:3 3 runed translucent doors, Rrauwl's ghost, amateur OpAE
D:5 Pikel


Innate Abilities, Weirdness & Mutations

You have a pair of small antennae on your head.
You are partially covered in iridescent scales. (AC +2)
Your mind is acute. (Int +4, Str/Dex -1)


Message History

Confirm with . or Enter, or press ? or * to list all spells.
Aiming: Searing Ray (safe; 0% risk of failure)
Press: ? - help, Shift-Dir - straight line, f/p - slime creature
Aim: a slime creature (almost dead, 96% to hit)
The searing ray hits the slime creature.
You kill the slime creature!
Vehumet accepts your kill. (Press . to maintain the ray.)
The slime creature quivers.
The searing ray hits the slime creature!
The slime creature is lightly wounded.
The searing ray hits the slime creature.
The slime creature is lightly wounded.
The searing ray hits the slime creature.
The slime creature is lightly wounded.
Two slime creatures merge to form a large slime creature.
Two slime creatures merge to form a very large slime creature.
A slime creature comes into view.
Casting: Searing Ray (safe; 0% risk of failure)
Confirm with . or Enter, or press ? or * to list all spells.
Casting: Starburst (dangerous; 1% risk of failure)
Press: ? - help, Dir - look around, f - activate The bolt of fire hits the very large slime creature!!
The very large slime creature is moderately wounded.
Two slime creatures merge to form an enormous slime creature.
Unknown command.
Unknown command.
Casting: Starburst (dangerous; 1% risk of failure)
Confirm with . or Enter, or press ? or * to list all spells.
Casting: Starburst (dangerous; 1% risk of failure)
Press: ? - help, Dir - look around, f - activate The bolt of fire hits the enormous slime creature!!
The enormous slime creature is moderately wounded.
The enormous slime creature hits you!!!
Ouch! That really hurt!
* * * LOW HITPOINT WARNING * * *
Unknown command.
Okay, then.
You feel yourself speed up. The enormous slime creature hits you!!
You die...

...........#..#.########
.....<.....#..#.........
############..#.........
........'..#######
##......#..# #......#..#
#......#..#
#......#).#######
#.......J@.......
##......#######...
........#.....#
######..#.∩.>.#
#..#.....# #..#######
#... #JJ# #..#


You could see an enormous slime creature.

Vanquished Creatures
  Gastronok (D:9)
  The ghost of Viucil the Cleaver, a journeyman DDFi of Okawaru (D:11)
  2 boulder beetles (D:10)
  Erica (D:10)
  4 two-headed ogres
  4 skeletal warriors (D:11)
  The ghost of wpisznazwe the Slasher, a novice MfGl (D:6)
  A manticore (D:10)
  An ugly thing (D:12)
  2 unseen horrors (D:10)
  Psyche (D:10)
  A gargoyle (D:12)
  A meliai (D:10)
  2 trolls
  A polar bear (D:11)
  Grinder (D:4)
  A slime creature (D:12)
  2 basilisks
  3 spriggans (D:11)
  18 yaks
  4 wyverns
  A steam dragon (D:6)
  A vampire mosquito (D:10)
  2 acid dragons
  Pargi (Sewer)
  3 sky beasts
  9 orc warriors
  A black bear (D:7)
  7 ogres
  6 centaurs
  2 kobold brigands
  Blork the orc (D:6)
  3 bullfrogs
  7 gnoll sergeants
  A wyvern zombie (Ossuary)
  2 scorpions (D:11)
  8 wights
  A water moccasin zombie (Ossuary)
  10 killer bees
  2 howler monkeys
  2 centaur zombies (Ossuary)
  2 hounds
  A lava snake (D:9)
  6 bullfrog zombies (Ossuary)
  2 gnoll boudas
  7 orc priests
  4 iguanas
  17 orc wizards
  3 killer bee zombies (Ossuary)
  16 mummies (Ossuary)
  3 howler monkey zombies (Ossuary)
  3 adders
  11 gnolls
  2 river rats (D:6)
  2 white imps (D:6)
  4 worms
  2 dart slugs
  35 orcs
  5 ball pythons
  6 endoplasms
  3 giant cockroaches
  4 goblins
  11 hobgoblins
  7 jackals
  11 bats
  2 frilled lizards
  14 kobolds
  6 rats
  A fulminant prism (D:6)
313 creatures vanquished.

Vanquished Creatures (collateral kills)
  A black bear (D:11)
  A hornet zombie (Ossuary)
  A bullfrog zombie (Ossuary)
3 creatures vanquished.

Vanquished Creatures (others)
  78 fulminant prisms
  5 fungi (D:11)
  7 plants
  4 withered plants (Ossuary)
94 creatures vanquished.

Grand Total: 410 creatures vanquished

Notes
Turn   | Place    | Note
-------+----------+-------------------------------------------
     0 | D:1      | Ijustatesigmund the Deep Elf Conjurer began the quest for
                  | the Orb.
     0 | D:1      | Reached XP level 1. HP: 10/10 MP: 6/6
   255 | D:1      | Reached XP level 2. HP: 15/15 MP: 4/8
   349 | D:1      | Learned a level 2 spell: Searing Ray
  1182 | D:2      | Reached XP level 3. HP: 19/19 MP: 1/10
  1607 | D:2      | Reached skill level 4 in Spellcasting
  1794 | D:2      | Found a faded altar of an unknown god.
  1845 | D:2      | Reached skill level 5 in Conjurations
  2568 | D:3      | Found a runed translucent gate.
  2570 | D:3      | Found a runed translucent gate.
  2570 | D:3      | Found a runed translucent gate.
  2570 | D:3      | Noticed Rrauwl's ghost (amateur OpAE)
  2771 | D:3      | Reached XP level 4. HP: 24/24 MP: 10/12
  2776 | D:3      | Learned a level 4 spell: Fulminant Prism
  3174 | D:4      | Noticed Grinder
  3243 | D:4      | Killed Grinder
  3244 | D:4      | Reached XP level 5. HP: 28/28 MP: 7/13
  3244 | D:4      | Reached XP level 6. HP: 32/32 MP: 7/14
  3881 | D:4      | Noticed a sky beast
  3887 | D:4      | Killed a sky beast
  3888 | D:4      | Reached skill level 5 in Ranged Weapons
  3888 | D:4      | Reached skill level 5 in Hexes
  4799 | D:4      | Found a white marble altar of Elyvilon.
  4843 | D:5      | Entered Level 5 of the Dungeon
  4976 | D:4      | Reached XP level 7. HP: 36/36 MP: 10/15
  5199 | D:5      | Gained mutation: You are partially covered in iridescent
                  | scales. (AC +2) [potion of mutation]
  5199 | D:5      | Gained mutation: Your mind is acute. (Int +4, Str/Dex -1)
                  | [potion of mutation]
  5199 | D:5      | Gained mutation: You have a pair of small antennae on your
                  | head. [potion of mutation]
  5205 | D:5      | Reached skill level 1 in Fighting
  5239 | D:5      | Reached skill level 5 in Spellcasting
  5247 | D:5      | Noticed Pikel
  5435 | D:5      | Noticed a troll
  5446 | D:5      | You fall into a shaft and drop 1 floor!
  5578 | D:6      | Noticed Blork the orc
  5617 | D:6      | Killed Blork the orc
  5654 | D:6      | Found a glowing drain.
  5726 | Sewer    | Entered a sewer
  5819 | Sewer    | Noticed Pargi
  5825 | Sewer    | Killed Pargi
  6156 | D:6      | Reached skill level 6 in Spellcasting
  6199 | D:6      | Reached XP level 8. HP: 45/45 MP: 2/19
  6432 | D:6      | Found a staircase to the Ecumenical Temple.
  6447 | Temple   | Entered the Ecumenical Temple
  6551 | Temple   | Became a worshipper of Vehumet
  6579 | D:6      | Found a runed translucent door.
  6625 | D:6      | Noticed wpisznazwe's ghost (novice MfGl)
  6814 | D:6      | Killed wpisznazwe's ghost
  6815 | D:6      | Reached skill level 5 in Dodging
  6815 | D:6      | Reached skill level 7 in Spellcasting
  6849 | D:6      | Reached skill level 8 in Spellcasting
  7204 | D:6      | Reached XP level 9. HP: 49/49 MP: 18/23
  7876 | D:7      | Reached skill level 1 in Evocations
  7937 | D:7      | Found a sand-covered staircase.
  7951 | Ossuary  | Entered an ossuary
  8044 | Ossuary  | Reached * piety under Vehumet
  8044 | Ossuary  | Offered knowledge of Sandblast by Vehumet.
  8049 | Ossuary  | Reached skill level 9 in Spellcasting
  8653 | Ossuary  | Offered knowledge of Foxfire by Vehumet.
  8756 | Ossuary  | Reached ** piety under Vehumet
  9084 | D:7      | Reached skill level 10 in Spellcasting
  9299 | D:7      | Found a shimmering blue altar of Sif Muna.
  9354 | D:7      | Found a hide-covered altar of Uskayaw.
  9354 | D:7      | Found a basalt altar of Yredelemnul.
  9508 | D:7      | Found Zaesepha's Book Boutique.
  9516 | D:7      | Bought a book of Geomancy for 216 gold pieces
  9520 | D:7      | Learned a level 3 spell: Stone Arrow
  9523 | D:7      | Learned a level 2 spell: Passwall
  9742 | D:8      | Reached skill level 1 in Earth Magic
  9743 | D:8      | Reached XP level 10. HP: 54/54 MP: 11/26
 10020 | D:6      | Reached skill level 11 in Spellcasting
 10721 | D:8      | Offered knowledge of Momentum Strike by Vehumet.
 11253 | D:8      | Reached *** piety under Vehumet
 11806 | D:9      | Learned a level 6 spell: Starburst
 11813 | D:9      | Reached skill level 1 in Fire Magic
 12063 | D:9      | Reached skill level 12 in Spellcasting
 12325 | D:9      | Noticed Gastronok
 12345 | D:9      | Killed Gastronok
 12609 | D:9      | Reached skill level 13 in Spellcasting
 12819 | D:9      | Reached skill level 5 in Fire Magic
 13389 | D:10     | Entered Level 10 of the Dungeon
 13466 | D:10     | Reached XP level 11. HP: 58/58 MP: 28/30
 13527 | D:10     | Noticed a two-headed ogre
 13527 | D:10     | Noticed a boulder beetle
 13528 | D:10     | Offered knowledge of Flame Wave by Vehumet.
 13538 | D:10     | Killed a boulder beetle
 13539 | D:10     | Reached skill level 14 in Spellcasting
 13539 | D:10     | Killed a two-headed ogre
 13551 | D:10     | Noticed a boulder beetle
 13556 | D:10     | Killed a boulder beetle
 13676 | D:10     | Identified the +12 long sword "Useohen" {speed, *Noise
                  | rElec rF+}
 13830 | D:10     | Noticed a two-headed ogre
 13839 | D:10     | Killed a two-headed ogre
 13845 | D:10     | Reached skill level 15 in Spellcasting
 13930 | D:10     | Noticed Erica
 13942 | D:10     | Killed Erica
 13944 | D:10     | Noticed Psyche
 13948 | D:10     | Killed Psyche
 14043 | D:10     | Learned a level 4 spell: Flame Wave
 14143 | D:10     | Found a snail-covered altar of Cheibriados.
 14447 | D:11     | Found a runed translucent door.
 14449 | D:11     | Identified the +7 trident of the Tomato {protect, rF+
                  | Int+3}
 14453 | D:11     | Noticed Viucil's ghost (journeyman DDFi)
 14534 | D:11     | Noticed a two-headed ogre
 14547 | D:11     | Killed a two-headed ogre
 14547 | D:11     | Reached **** piety under Vehumet
 14548 | D:11     | Reached skill level 10 in Conjurations
 14895 | D:11     | Found a staircase to the Orcish Mines.
 14904 | D:11     | Offered knowledge of Kindle Blastsparks by Vehumet.
 14915 | D:11     | Reached XP level 12. HP: 60/66 MP: 16/33
 15300 | D:11     | Reached skill level 16 in Spellcasting
 15627 | D:11     | Found a staircase to the Lair.
 15729 | D:11     | Reached skill level 5 in Fighting
 15732 | D:11     | Killed Viucil's ghost
 15974 | D:12     | Reached skill level 1 in Armour
 16232 | D:12     | Found Xulug's Assorted Antiques.
 16234 | D:12     | Noticed a two-headed ogre
 16246 | D:12     | Killed a two-headed ogre
 16255 | D:12     | Demolished by an enormous slime creature

Illustrated notes

Levels and vault maps discovered:
D:1:      ebering_trefoil_twist, layout_loops_cross, grunt_decor_junction
D:2:      layout_loops_ring, hellmonk_ecumenical_altar_crossroads,
          due_unseen_surprise
D:3:      layout_loops_ring, ebering_ghost_rock_garden
D:4:      layout_basic, lemuel_tele_altar, hangedman_abyss_or_decor_passed,
          uniq_grinder
D:5:      layout_loops_ring, mainiacjoe_overflow_chevrons, uniq_pikel,
          uniq_sigmund
D:6:      layout_basic, minmay_temple_entry_junction, ebering_ghost_sewer_d,
          portal_sewer_entry_c, uniq_blork_the_orc
D:7:      layout_basic, mainiacjoe_overflow_catwalk,
          gammafunk_temple_overflow_pools, serial_shops, nicolae_stop_n_shop_2,
          nicolae_ossuary_entry_ruins
D:8:      layout_basic, chequers_serial_rivers_small_a
D:9:      layout_basic, eino_small_chamber_without_monster,
          kennysheep_cluttered_room, uniq_gastronok
D:10:     layout_irregular_city, general_overflow_altar, minmay_pinched_square,
          uniq_erica, uniq_psyche
D:11:     layout_roguey, grunt_lair_entry_orc_guard_hut,
          kennysheep_orc_monster_closet_entryway, ebering_ghost_funeral_grove
D:12:     layout_irregular_city, serial_shops, nicolae_diamond_shop,
          nicolae_shop_advertising_works [nicolae_subvault_shop_adworks],
          nicolae_shop_trees, nicolae_shop_crystal, nicolae_take_the_stairs,
          nicolae_inconvenience_store
Temple:   nicolae_temple_x_marks_the_god

Skill      XL: |  1  2  3  4  5  6  7  8  9 10 11 12 |
---------------+-------------------------------------+-----
Dodging        | 3 5 6 |  6.1
Spellcasting   | 4 6 8 10 13 15 16 | 16.6
Conjurations   | 5 6 7 9 10 11 | 11.4
Ranged Weapons | 4 5 |  5.4
Hexes          | 4 5 6 |  6.0
Fighting       | 2 3 5 |  5.2
Evocations     | 4 |  4.0
Earth Magic    | 2 4 |  4.5
Fire Magic     | 5 8 |  8.2
Armour         | 1 |  1.6
Stealth        | |  2.4

Action                     |  1- 3 |  4- 6 |  7- 9 | 10-12 || total
---------------------------+-------+-------+-------+-------++-------
  Melee: Spear             |    14 |       |       |       ||    14
   Fire: Sling             |       |    48 |   107 |    34 ||   189
   Cast: Magic Dart        |    71 |     9 |    78 |    92 ||   250
         Searing Ray       |     6 |     5 |    52 |    27 ||    90
         Fulminant Prism   |       |    12 |    37 |    30 ||    79
         Stone Arrow       |       |       |     2 |    70 ||    72
         Starburst         |       |       |       |    48 ||    48
         Passwall          |       |       |       |     3 ||     3
  Evoke: Condenser vane    |       |       |       |     1 ||     1
    Use: Scroll            |     5 |     8 |    10 |     5 ||    28
         Potion            |       |       |     7 |     3 ||    10
 Armour: Robe              |     3 |    12 |    73 |    54 ||   142
         Skin              |       |       |    36 |       ||    36
  Dodge: Dodged            |     9 |    22 |   105 |   100 ||   236

Table legend: (Time is in decaauts)
 A = Elapsed time spent in this place.
 B = Non-inter-level travel time spent in this place.
 C = Inter-level travel time spent in this place.
 D = Time resting spent in this place.
 E = Time spent auto-exploring this place.
 F = Levels seen in this place.
 G = Mean time per level.
                   A        B        C        D        E       F      G
               +--------+--------+--------+--------+--------+-----+--------+
         Total |  16310 |  15907 |    403 |   5817 |   7896 |  15 | 1087.3 |
       Dungeon |  14748 |  14356 |    392 |   4997 |   7588 |  12 | 1229.0 |
        Temple |    114 |    104 |     10 |      0 |     76 |   1 |  114.0 |
         Sewer |    301 |    301 |      0 |    147 |     79 |   1 |  301.0 |
       Ossuary |   1146 |   1146 |      0 |    673 |    153 |   1 | 1146.0 |
               +--------+--------+--------+--------+--------+-----+--------+

Top non-repeatable levels by time:
     D:6: 2036 daAuts
     D:4: 2018 daAuts
    D:11: 1746 daAuts
     D:7: 1677 daAuts
     D:9: 1486 daAuts
     D:2: 1468 daAuts
     D:8: 1239 daAuts
 Ossuary: 1146 daAuts
    D:10: 990 daAuts
     D:1: 967 daAuts
     D:3: 714 daAuts
   Sewer: 301 daAuts
     D:5: 291 daAuts
  Temple: 114 daAuts
    D:12: 111 daAuts
